 Dungeon Crawl Stone Soup version 0.29-a0-542-g075992c915 (webtiles) character file.

Game seed: 15838594902145856272

4381 sammy202020 the Fighter (level 10, -3/80 HPs)
             Began as a Demonspawn Berserker on June 4, 2022.
             Was an Elder of Trog.
             Asphyxiated
             ... on level 8 of the Dungeon.
             The game lasted 00:12:09 (6436 turns).

sammy202020 the Fighter (Demonspawn Berserker)      Turns: 6436, Time: 00:12:10

Health: -3/80      AC: 16    Str: 18    XL:     10   Next: 13%
Magic:  10/10      EV:  9    Int: 11    God:    Trog [****..]
Gold:   421        SH:  0    Dex: 15    Spells: 9/9 levels left

rFire   . . .      SeeInvis .   D - +4 hand axe
rCold   + . .      Faith    .   (no shield)
rNeg    . . .      Spirit   .   e - +1 chain mail
rPois   .          Reflect  .   (no helmet)
rElec   .          Harm     .   (no cloak)
rCorr   .          Rampage  .   (no gloves)
Will    +++..                   (no boots)
Stlth   ..........              u - amulet of regeneration
HPRegen 2.03/turn               d - +4 ring of protection
MPRegen 0.12/turn               B - ring "Axzouz" {Will+ Dex+3}

@: lethally poisoned (-3 -> -8), strong-willed, on berserk cooldown,
regenerating, slowed, very slow
A: yellow scales 1, powered by death 1, spiny 1, demonic touch 2, cold
resistance 1, weak 1, wild magic 1
a: Renounce Religion, Berserk, Trog's Hand, Brothers in Arms


You were on level 8 of the Dungeon.
You worshipped Trog.
Trog was greatly pleased with you.
You visited 1 branch of the dungeon, and saw 8 of its levels.
You also visited: Sewer.

You collected 421 gold pieces.

Inventory:

Hand Weapons
 a - a +0 hand axe
 r - a +0 war axe
 s - a +1 flail
 t - a +1 hand axe of freezing
 D - a +4 hand axe (weapon)
Missiles
 l - a throwing net
 q - a boomerang (quivered)
Armour
 e - a +1 chain mail (worn)
Jewellery
 d - a +4 ring of protection (left hand)
 p - an amulet of the acrobat
 u - an amulet of regeneration (around neck)
 B - the ring "Axzouz" (right hand) {Will+ Dex+3}
   (You found it on level 6 of the Dungeon)

   [ring of willpower]

   Dex:       It affects your dexterity (+3).
   Will:      It increases your willpower.
Wands
 w - a wand of flame (4)
 A - a wand of digging (8)
 E - a wand of iceblast (8)
Scrolls
 b - 2 scrolls of immolation
 f - 2 scrolls of fear
 j - a scroll of fog
 n - a scroll of teleportation
 o - a scroll of summoning
 x - a scroll of blinking
 y - a scroll of enchant weapon
 H - a scroll of enchant armour
Potions
 c - 3 potions of lignification
 g - 2 potions of ambrosia
 h - a potion of berserk rage
 i - 3 potions of attraction
 k - 2 potions of might
 m - a potion of curing
 v - a potion of resistance
 z - a potion of mutation
 C - a potion of heal wounds
 F - a potion of degeneration


   Skills:
 * Level 8.1 Fighting
 * Level 7.4 Axes
 + Level 5.0 Armour
 + Level 4.9 Dodging
 * Level 6.6 Unarmed Combat


You had 9 spell levels left.
You didn't know any spells.
Your spell library was empty.

Dungeon Overview and Level Annotations

Branches:
Dungeon (8/15)             Temple (0/1) D:7           Sewer (visited)
   Lair: D:8-11

Altars:
Kikubaaqudgha
Ru
Uskayaw
Zin

Shops:
D:2 *=


Innate Abilities, Weirdness & Mutations

You are partially covered in yellow scales. (AC +2)
You regenerate a little health from kills.
You are partially covered in sharp spines.
Your touch may inflict irresistible damage on your foes.
Your flesh is cold resistant. (rC+)
You are weak. (Str -2)
Your spells are a little harder to cast, but a little more powerful.


Message History

You barely miss the scorpion.
You feel very sick.
Amaemon hits you with a +0 demon whip of venom!
* * * LOW HITPOINT WARNING * * *
You are lethally poisoned!
Amaemon claws you but does no damage. Amaemon tail-slaps you.
* * * LOW HITPOINT WARNING * * *
The orange demon closely misses you.
You slash Amaemon!
You kill Amaemon!
Trog accepts your kill.
Trog appreciates your killing of a magic user.
The scorpion disappears in a puff of smoke!
* * * LOW HITPOINT WARNING * * *
You feel extremely sick.
The orange demon stings you but does no damage.
Your Fighting skill increases to level 8!
Your Armour skill increases to level 5!
You have reached level 10!
You are too berserk!
Okay, then.
You are no longer berserk.
You are exhausted.
You feel yourself slow down.
* * * LOW HITPOINT WARNING * * *
You feel very sick.
Items here: )) [ †.
You feel better. The orange demon stings you!
* * * LOW HITPOINT WARNING * * *
The orange demon hits you but does no damage.
Things that are here:
a +0 giant club; a +0 giant club Your skin crawls.
You feel strong-willed. The orange demon stings you!
* * * LOW HITPOINT WARNING * * *
You are poisoned.
You have difficulty breathing.
You die...

.#
.###6######.#
....o..)...#
##.O##.#<.#
#...))...#
##.##.#.##
#....#.#
#..#)#.#
#..#@#.#
#..4...#
#....###
##...# ......
###...# #..##
#.# #.


You could see an orange demon (curare).

Vanquished Creatures
  A two-headed ogre (D:8)
  Amaemon (D:8)
  2 hornets (D:7)
  Sigmund (D:4)
  A shadow (D:7)
  A wraith (D:7)
  2 black bears
  A centaur (D:7)
  A kobold brigand (D:7)
  3 necrophages
  5 bullfrogs
  A scorpion (D:5)
  12 wights
  An electric eel (D:6)
  A howler monkey (D:6)
  3 jellies
  A human zombie (D:4)
  A gnoll shaman (D:7)
  An orc priest (D:6)
  4 iguanas
  A scorpion zombie (D:4)
  3 orc wizards
  2 hound zombies (D:4)
  A mummy (D:4)
  8 gnolls
  11 adders
  2 river rats (D:5)
  2 shadow imps
  A white imp (D:5)
  An adder zombie (D:4)
  6 worms
  23 orcs
  18 ball pythons
  12 endoplasms
  11 giant cockroaches
  7 goblins
  5 hobgoblins
  A jackal (D:4)
  10 kobolds
  11 quokkas
  8 bats
  13 frilled lizards
  8 rats
209 creatures vanquished.

Notes
Turn   | Place    | Note
-------+----------+-------------------------------------------
     0 | D:1      | sammy202020 the Demonspawn Berserker began the quest for
                  | the Orb.
     0 | D:1      | Reached XP level 1. HP: 18/18 MP: 1/1
    26 | D:1      | Gained mutation: Your touch may inflict minor irresistible
                  | damage on your foes. [demonic ancestry]
    26 | D:1      | Reached XP level 2. HP: 7/24 MP: 2/2
   800 | D:1      | Reached ** piety under Trog
   810 | D:1      | Gained mutation: Your touch may inflict irresistible damage
                  | on your foes. [demonic ancestry]
   810 | D:1      | Reached XP level 3. HP: 27/29 MP: 3/3
   992 | D:1      | Found a faded altar of an unknown god.
  1191 | D:2      | Found Duhofid's General Store.
  1232 | D:2      | Found Futwuv's One-of-a-Kind Rings.
  2257 | D:3      | Reached skill level 1 in Unarmed Combat
  2257 | D:3      | Gained mutation: You are partially covered in sharp spines.
                  | [demonic ancestry]
  2257 | D:3      | Reached XP level 4. HP: 32/36 MP: 4/4
  2678 | D:4      | Reached skill level 4 in Fighting
  2678 | D:4      | Gained mutation: You regenerate a little health from kills.
                  | [demonic ancestry]
  2678 | D:4      | Reached XP level 5. HP: 37/42 MP: 5/5
  2730 | D:4      | Found a hide-covered altar of Uskayaw.
  2730 | D:4      | Noticed a +0 dagger
  2730 | D:4      | Noticed a +0 dagger
  3022 | D:4      | Reached XP level 6. HP: 31/49 MP: 6/6
  3160 | D:4      | Found an ancient bone altar of Kikubaaqudgha.
  3247 | D:4      | Reached XP level 7. HP: 35/55 MP: 7/7
  3363 | D:4      | Reached skill level 5 in Fighting
  3415 | D:4      | Found a sacrificial altar of Ru.
  3421 | D:4      | Reached *** piety under Trog
  3531 | D:4      | Noticed Sigmund
  3541 | D:4      | Killed Sigmund
  3818 | D:5      | Entered Level 5 of the Dungeon
  4005 | D:5      | Reached skill level 5 in Axes
  4005 | D:5      | Gained mutation: You are partially covered in yellow
                  | scales. (AC +2) [demonic ancestry]
  4005 | D:5      | Reached XP level 8. HP: 63/63 MP: 8/8
  4120 | D:5      | Found a glowing drain.
  4129 | Sewer    | Entered a sewer
  4132 | Sewer    | Reached **** piety under Trog
  4631 | D:6      | Reached skill level 6 in Fighting
  4743 | D:6      | Identified the ring "Axzouz" {Will+ Dex+3}
  5126 | D:6      | Reached skill level 5 in Unarmed Combat
  5244 | D:6      | Reached XP level 9. HP: 62/71 MP: 9/9
  5607 | D:7      | Reached skill level 7 in Fighting
  5661 | D:7      | Reached ***** piety under Trog
  5737 | D:7      | Paralysed by a hornet for 2 turns
  6136 | D:7      | Found a staircase to the Ecumenical Temple.
  6345 | D:7      | Gained mutation: Your spells are a little harder to cast,
                  | but a little more powerful. [potion of mutation]
  6345 | D:7      | Gained mutation: Your flesh is cold resistant. (rC+)
                  | [potion of mutation]
  6345 | D:7      | Gained mutation: You are weak. (Str -2) [potion of
                  | mutation]
  6403 | D:8      | Noticed a two-headed ogre
  6405 | D:8      | Noticed Amaemon
  6418 | D:8      | Killed a two-headed ogre
  6427 | D:8      | Noticed an orange demon
  6432 | D:8      | Killed Amaemon
  6433 | D:8      | Reached skill level 8 in Fighting
  6433 | D:8      | Reached skill level 5 in Armour
  6433 | D:8      | Reached XP level 10. HP: 14/80 MP: 10/10
  6436 | D:8      | Asphyxiated

Illustrated notes

Levels and vault maps discovered:
D:1:      ncdulo_wetmaze, layout_rooms, hellmonk_ecumenical_altar_inner_sanctum,
          minmay_domino_4
D:2:      layout_loops_corners, serial_shops, nicolae_lakefront_shop,
          basic_altar, chequers_serial_rivers_small_a, nicolae_shop_unique_rings
D:3:      layout_basic
D:4:      layout_loops_cross, dancing_weapons_uskayaw,
          nicolae_ru_great_annihilating_truth,
          lemuel_mausoleum_altar_kikubaaqudgha, serial_park_tiny_pond,
          uniq_sigmund
D:5:      layout_rooms, lightli_sewer_entry_pipes
D:6:      layout_basic, eino_curves_02, kennysheep_generic_room_2
D:7:      layout_basic, mainiacjoe_overflow_small_starburst,
          serial_park_tiny_pond
D:8:      layout_loops_corners, lair_entry_dummy, enter_bailey_3,
          ploomutoo_gammafunk_ghost_potion_laboratory, uniq_maurice,
          uniq_joseph, uniq_amaemon

Skill      XL: |  1  2  3  4  5  6  7  8  9 |
---------------+----------------------------+-----
Armour         | 2 3 4 5 |  5.0
Dodging        | 2 3 4 |  4.9
Axes           | 3 4 5 6 7 |  7.4
Unarmed Combat | 1 2 3 5 6 |  6.6
Fighting       | 4 5 6 8 |  8.1

Action                   |  1- 3 |  4- 6 |  7- 9 | 10-12 || total
-------------------------+-------+-------+-------+-------++-------
Melee: Hand axe          |   117 |    54 |   234 |       ||   405
       Touch             |    14 |    14 |    41 |       ||    69
       Punch             |       |     2 |     9 |       ||    11
       War axe           |       |    33 |    29 |       ||    62
Invok: Berserk           |     2 |     1 |     4 |       ||     7
       Trog's Hand       |       |       |     2 |     1 ||     3
  Use: Scroll            |     6 |     5 |    10 |       ||    21
       Potion            |       |       |     1 |     1 ||     2
 Stab: Paralysed         |       |       |     1 |       ||     1
Armor: Animal skin       |    33 |       |       |       ||    33
       Chain mail        |    18 |    36 |   140 |     1 ||   195
Dodge: Dodged            |    95 |    33 |    92 |       ||   220

Table legend: (Time is in decaauts)
 A = Elapsed time spent in this place.
 B = Non-inter-level travel time spent in this place.
 C = Inter-level travel time spent in this place.
 D = Time resting spent in this place.
 E = Time spent auto-exploring this place.
 F = Levels seen in this place.
 G = Mean time per level.
                   A        B        C        D        E       F      G
               +--------+--------+--------+--------+--------+-----+--------+
         Total |   6644 |   6644 |      0 |    228 |   4928 |   9 |  738.2 |
       Dungeon |   6342 |   6342 |      0 |    228 |   4807 |   8 |  792.8 |
         Sewer |    301 |    301 |      0 |      0 |    121 |   1 |  301.0 |
               +--------+--------+--------+--------+--------+-----+--------+

Top non-repeatable levels by time:
     D:4: 1166 daAuts
     D:1: 1102 daAuts
     D:7: 935 daAuts
     D:2: 911 daAuts
     D:6: 904 daAuts
     D:3: 712 daAuts
     D:5: 580 daAuts
   Sewer: 301 daAuts
     D:8: 30 daAuts
